 Dungeon Crawl Stone Soup version 0.30.1 (webtiles) character file.

Game seed: 12740912959912261333

1413 Cassiopeia the Grasshopper (level 8, 0/64 HPs)
             Began as a Gnoll Warper on July 10, 2023.
             Was an Initiate of Gozag.
             Slain by a hornet (13 damage)
             ... while paralysed by a hornet
             ... on level 7 of the Dungeon.
             The game lasted 00:14:56 (4661 turns).

Cassiopeia the Grasshopper (Gnoll Warper)           Turns: 4661, Time: 00:14:58

Health: 0/64       AC: 18    Str: 10    XL:     8   Next: 71%
Magic:  17/17      EV:  2    Int: 15    God:    Gozag
Gold:   376        SH:  0    Dex: 12    Spells: 17/19 levels left

rFire   . . .        e - +0 whip (elec)
rCold   + . .        (no shield)
rNeg    . . .        w - +0 plate armour
rPois   .            (no helmet)
rElec   .            (no cloak)
rCorr   .            (no gloves)
SInv    .            x - +1 pair of boots
Will    .....        j - amulet of regeneration Stlth
                     k - +4 ring of protection
HPRegen 1.10/turn    t - ring of protection from cold
MPRegen 0.15/turn

%: no passive effects
@: paralysed, lethally poisoned (0 -> -5), slowed
A: fangs 1, strong nose, distributed training
a: Renounce Religion, Potion Petition, Call Merchant, Bribe Branch


You were on level 7 of the Dungeon.
You worshipped Gozag.
Gozag was aware of your devotion.
You visited 2 branches of the dungeon, and saw 8 of its levels.

You collected 568 gold pieces.
You paid 192 gold pieces to Gozag.

Inventory:

Hand Weapons
 a - a +0 spear
 e - a +0 whip of electrocution (weapon)
Missiles
 d - 6 boomerangs of dispersal (quivered)
 h - 52 stones
 r - 2 boomerangs
Armour
 b - a +0 leather armour
 w - a +0 plate armour (worn)
 x - a +1 pair of boots (worn)
Jewellery
 j - an amulet of regeneration (around neck)
 k - a +4 ring of protection (left hand)
 t - a ring of protection from cold (right hand)
Wands
 g - a wand of flame (24)
Scrolls
 c - a scroll of blinking
 m - a scroll of immolation {unknown}
 n - a scroll of enchant weapon {unknown}
 o - 2 scrolls of teleportation {unknown}
 p - 2 scrolls of fog {unknown}
 s - 2 scrolls of acquirement {unknown}
 u - a scroll of silence {unknown}
 v - a scroll of vulnerability {unknown}
Potions
 f - 3 potions of magic
 i - 2 potions of curing
 l - a potion of flight {unknown}
 q - a potion of attraction {unknown}
 A - a potion of might {unknown}


   Skills:
 + Level 5.9 Fighting
 + Level 3.6 Short Blades
 + Level 3.6 Long Blades
 + Level 3.6 Axes
 + Level 3.6 Maces & Flails
 + Level 5.9 Polearms
 + Level 3.6 Staves
 + Level 3.6 Ranged Weapons
 + Level 4.5 Throwing
 + Level 4.5 Armour
 + Level 5.9 Dodging
 + Level 3.6 Stealth
 + Level 3.6 Shields
 + Level 3.6 Unarmed Combat
 + Level 6.2 Spellcasting
 + Level 3.0 Conjurations
 + Level 3.0 Hexes
 + Level 3.0 Summonings
 + Level 3.0 Necromancy
 + Level 6.3 Translocations
 + Level 3.0 Transmutations
 + Level 3.0 Fire Magic
 + Level 3.0 Ice Magic
 + Level 3.0 Air Magic
 + Level 3.0 Earth Magic
 + Level 3.0 Poison Magic
 + Level 4.0 Invocations
 + Level 3.6 Evocations


You had 17 spell levels left.
You knew the following spells:

 Your Spells              Type           Power      Damage    Failure   Level
a - Blink                 Tloc           46%        N/A       99%         2

Your spell library contained the following spells:

 Spells                   Type           Power      Damage    Failure   Level
 Lesser Beckoning         Tloc           46%        N/A       99%         2
 Ensorcelled Hibernation  Hex/Ice        26%        N/A       100%        2
 Dazzling Flash           Conj/Hex       26%        N/A       100%        3
 Spider Form              Tmut/Pois      13%        N/A       100%        3
 Teleport Other           Tloc           23%        N/A       100%        3
 Vhi's Electric Charge    Tloc/Air       36%        N/A       100%        3
 Anguish                  Hex/Necr       6%         N/A       100%        4
 Manifold Assault         Tloc           23%        N/A       100%        4
 Agony                    Necr           13%        N/A       100%        5
 Arcjolt                  Conj/Air       6%         1d16      100%        5
 Silence                  Hex/Air        6%         N/A       100%        5
 Maxwell's Capacitive Co  Air            6%         ∞         100%        8


Dungeon Overview and Level Annotations

Branches:
Dungeon (6/15)             Temple (1/1) D:5

Altars:
Elyvilon
Gozag
Hepliaklqana
Kikubaaqudgha
Makhleb
Nemelex Xobeh
Qazlal
Sif Muna
Trog
Uskayaw
Wu Jian
Xom
Yredelemnul
Zin
The Shining One

Shops:
D:3 [   D:4 [


Innate Abilities, Weirdness & Mutations

You have very sharp teeth.
Your uncanny sense of smell can sniff out nearby items.
Your experience applies equally to all skills.


Message History

You feel sick.
The hornet stings you but does no damage.
The hornet stings you!
* * * LOW HITPOINT WARNING * * *
You are more poisoned.
You feel as though you will be slow longer.
Unknown command.
You feel better. The hornet stings you.
You are poisoned.
You suddenly lose the ability to move!
The hornet stings you but does no damage.
You can move again.
You barely miss the hornet.
The hornet is severely wounded.
You feel very sick. The hornet stings you!
* * * LOW HITPOINT WARNING * * *
You feel as though you will be slow longer.
The hornet stings you.
* * * LOW HITPOINT WARNING * * *
You feel as though you will be slow longer. [a] - 120 gold - heal wounds [b] - 135 gold - heal wounds [c] - 700 gold - might, brilliance, resistance and haste Purchase which effect?
You no longer have enough gold to petition Gozag for potion effects.
You feel much better.
You feel sick.
The hornet stings you but does no damage. x2
The hornet stings you!
* * * LOW HITPOINT WARNING * * *
You are more poisoned.
You feel as though you will be slow longer.
You barely miss the hornet.
The hornet is severely wounded.
You feel very sick. The hornet stings you.
* * * LOW HITPOINT WARNING * * *
You suddenly lose the ability to move!
The hornet stings you!
You die...
Your body crumbles into a pile of gold.

..#...#...#...#..
....#...#$..#..."
#...#...#...#..
..#...#...#...!
.#...#...#...#.#
....#...#...#..#
#.##..#...#..###
#......y#$.###
######@### ###


You could see a hornet.

Vanquished Creatures
  Prince Ribbit (D:6)
  Menkaure (D:5)
  A water moccasin (D:7)
  A black bear (D:4)
  An ogre (D:5)
  A gnoll sergeant (D:5)
  A scorpion (D:6)
  A killer bee (D:7)
  2 howler monkeys (D:7)
  6 hounds
  A jelly (D:5)
  3 iguanas (D:5)
  A sleepcap (D:4)
  2 orc wizards (D:3)
  6 gnolls
  8 adders
  A shadow imp (D:5)
  A white imp (D:5)
  A worm (D:3)
  A dart slug (D:3)
  6 orcs (D:3)
  7 endoplasms
  3 giant cockroaches
  6 hobgoblins
  9 jackals
  A quokka (D:1)
  4 ball pythons
  7 bats
  5 goblins
  4 kobolds
  6 rats
99 creatures vanquished.

Notes
Turn   | Place    | Note
-------+----------+-------------------------------------------
     0 | D:1      | Cassiopeia the Gnoll Warper began the quest for the Orb.
     0 | D:1      | Reached XP level 1. HP: 20/20 MP: 6/6
   333 | D:1      | Reached XP level 2. HP: 25/26 MP: 7/7
   491 | D:1      | Learned a level 2 spell: Blink
   673 | D:2      | Reached skill level 5 in Spellcasting
   673 | D:2      | Reached XP level 3. HP: 31/31 MP: 7/9
   866 | D:2      | Reached skill level 1 in Invocations
  1059 | D:3      | Reached skill level 1 in Short Blades
  1059 | D:3      | Reached skill level 1 in Long Blades
  1059 | D:3      | Reached skill level 1 in Axes
  1059 | D:3      | Reached skill level 1 in Maces & Flails
  1059 | D:3      | Reached skill level 1 in Staves
  1059 | D:3      | Reached skill level 1 in Ranged Weapons
  1059 | D:3      | Reached skill level 1 in Stealth
  1059 | D:3      | Reached skill level 1 in Shields
  1059 | D:3      | Reached skill level 1 in Unarmed Combat
  1059 | D:3      | Reached skill level 1 in Evocations
  1307 | D:3      | Reached XP level 4. HP: 38/38 MP: 11/11
  1628 | D:3      | Found Kefresal's Antique Armour Shop.
  1659 | D:3      | Reached skill level 1 in Conjurations
  1659 | D:3      | Reached skill level 1 in Hexes
  1659 | D:3      | Reached skill level 1 in Summonings
  1659 | D:3      | Reached skill level 1 in Necromancy
  1659 | D:3      | Reached skill level 1 in Transmutations
  1659 | D:3      | Reached skill level 1 in Fire Magic
  1659 | D:3      | Reached skill level 1 in Ice Magic
  1659 | D:3      | Reached skill level 1 in Air Magic
  1659 | D:3      | Reached skill level 1 in Earth Magic
  1659 | D:3      | Reached skill level 1 in Poison Magic
  1685 | D:3      | Reached XP level 5. HP: 41/43 MP: 12/12
  2314 | D:4      | Noticed a black bear
  2839 | D:4      | Found Noev's Antique Armour Shoppe.
  2947 | D:4      | Killed a black bear
  2948 | D:4      | Reached skill level 5 in Fighting
  2948 | D:4      | Reached skill level 5 in Polearms
  2948 | D:4      | Reached skill level 5 in Dodging
  2948 | D:4      | Reached XP level 6. HP: 47/51 MP: 14/14
  2961 | D:5      | Entered Level 5 of the Dungeon
  3021 | D:5      | Found a staircase to the Ecumenical Temple.
  3026 | D:5      | Noticed Menkaure
  3033 | D:5      | Killed Menkaure
  3068 | Temple   | Entered the Ecumenical Temple
  3142 | Temple   | Became a worshipper of Gozag Ym Sagoz the Greedy
  3224 | D:4      | Reached XP level 7. HP: 30/56 MP: 15/15
  4222 | D:5      | Reached XP level 8. HP: 63/63 MP: 16/16
  4347 | D:6      | Noticed Prince Ribbit
  4362 | D:6      | Killed Prince Ribbit
  4589 | D:6      | You fall into a shaft and drop 1 floor!
  4641 | D:7      | Noticed a hornet
  4658 | D:7      | Paralysed by a hornet for 1 turns
  4661 | D:7      | Paralysed by a hornet for 2 turns
  4661 | D:7      | Slain by a hornet

Illustrated notes

Levels and vault maps discovered:
D:1:      wander_arrival_estate, layout_basic
D:2:      layout_basic, serial_bayou_pond_e
D:3:      layout_basic, serial_shops, shop, minmay_misc_feat_iff
D:4:      layout_cave_pods, serial_shops, nicolae_shop_back_alley_shop
D:5:      layout_basic, minmay_temple_entry_junction_2, uniq_menkaure
D:6:      layout_cave_pools, minmay_parallelograms, uniq_prince_ribbit1
D:7:      layout_rooms, nicolae_vehumet_altar_sigil, chequers_garden,
          hex_medium, kennysheep_cross_bottleneck, uniq_maggie
Temple:   eino_wide_crystal_templ

Skill      XL: |  1  2  3  4  5  6  7  8 |
---------------+-------------------------+-----
Spellcasting   | 5 6 |  6.2
Invocations    | 1 2 3 4 |  4.0
Short Blades   | 1 2 3 |  3.6
Long Blades    | 1 2 3 |  3.6
Axes           | 1 2 3 |  3.6
Maces & Flails | 1 2 3 |  3.6
Staves         | 1 2 3 |  3.6
Ranged Weapons | 1 2 3 |  3.6
Stealth        | 1 2 3 |  3.6
Shields        | 1 2 3 |  3.6
Unarmed Combat | 1 2 3 |  3.6
Evocations     | 1 2 3 |  3.6
Conjurations   | 1 2 3 |  3.0
Hexes          | 1 2 3 |  3.0
Summonings     | 1 2 3 |  3.0
Necromancy     | 1 2 3 |  3.0
Transmutations | 1 2 3 |  3.0
Fire Magic     | 1 2 3 |  3.0
Ice Magic      | 1 2 3 |  3.0
Air Magic      | 1 2 3 |  3.0
Earth Magic    | 1 2 3 |  3.0
Poison Magic   | 1 2 3 |  3.0
Throwing       | 3 4 |  4.5
Armour         | 3 4 |  4.5
Fighting       | 5 |  5.9
Polearms       | 5 |  5.9
Dodging        | 5 |  5.9
Translocations | 6 |  6.3

Action                     |  1- 3 |  4- 6 |  7- 9 || total
---------------------------+-------+-------+-------++-------
  Melee: Whip              |   107 |   162 |   223 ||   492
         Bite              |    11 |    14 |    20 ||    45
         Punch             |     2 |     2 |    11 ||    15
  Throw: Boomerang         |       |     1 |    29 ||    30
         Dart              |       |       |     4 ||     4
 Invoke: Potion Petition   |       |       |     1 ||     1
    Use: Scroll            |     3 |       |     2 ||     5
         Potion            |       |       |     6 ||     6
   Stab: Distracted        |       |       |     1 ||     1
 Armour: Leather armour    |     4 |       |       ||     4
         Ring mail         |    35 |    65 |       ||   100
         Plate armour      |       |    61 |   231 ||   292
  Dodge: Dodged            |    64 |    74 |    31 ||   169
